 Dungeon Crawl Stone Soup version 0.22-a0-265-g0d8bc90 (webtiles) character file.

108 CanOfBees the Conjurer (level 4, -8/33 HPs)
             Began as a Draconian Conjurer on Mar 7, 2018.
             Killed by nerve-wracking pain
             ... invoked by a shadow imp
             ... summoned by Natasha
              (13 damage)
             ... on level 2 of the Dungeon on Mar 8, 2018.
             The game lasted 00:03:01 (2259 turns).

CanOfBees the Conjurer (Draconian Conjurer)         Turns: 2259, Time: 00:03:02

Health: -8/33      AC:  5    Str: 10    XL:     4   Next: 58%
Magic:  1/9        EV: 15    Int: 16    God:
Gold:   30         SH:  0    Dex: 12    Spells: 7/10 levels left

rFire    . . .     SeeInvis .   l - +2 short sword (vamp)
rCold    + . .     Gourm    .   (no shield)
rNeg     . . .     Faith    .   (armour unavailable)
rPois    .         Spirit   .   (helmet restricted)
rElec    .         Reflect  .   (no cloak)
rCorr    .         Harm     .   (no gloves)
MR       .....                  (no boots)
Stlth    ++........             (no amulet)
HPRegen  0.11/turn              c - ring of protection from cold
MPRegen  0.11/turn              g - +3 ring of evasion

@: slowed, very slow
A: unfitting armour, cold-blooded, AC +5
a: no special abilities


You were on level 2 of the Dungeon.
You were hungry.

You visited 1 branch of the dungeon, and saw 2 of its levels.

You collected 30 gold pieces.

Inventory:

Hand Weapons
 f - a +0 hand axe
 l - a +2 vampiric short sword (weapon)
Missiles
 h - 22 sling bullets
Jewellery
 c - a ring of protection from cold (left hand)
 g - a +3 ring of evasion (right hand)
Scrolls
 d - a scroll of remove curse {unknown}
 m - a scroll of teleportation {unknown}
Potions
 a - a potion of haste
 e - a potion of heal wounds {unknown}
 i - a potion of resistance {unknown}
 k - 2 potions of mutation {unknown}
 n - 2 potions of degeneration {unknown}
 o - a potion of flight {unknown}
 p - a potion of curing {unknown}
 q - a potion of berserk rage {unknown}
Comestibles
 b - 3 rations
 j - 6 chunks of flesh


   Skills:
 - Level 1.7 Dodging
 - Level 1.7 Stealth
 * Level 3.9 Spellcasting
 + Level 4.7 Conjurations


You had 7 spell levels left.
You knew the following spells:

 Your Spells              Type           Power        Failure   Level  Hunger
a - Magic Dart            Conj           ###.         2%          1    None
b - Searing Ray           Conj           ###...       3%          2    ##.....


Dungeon Overview and Level Annotations

Branches:
Dungeon (2/15)

Altars:

Annotations:
D:2 Natasha


Innate Abilities, Weirdness & Mutations

Your plain brown scales are hard. (AC +5)
You cannot fit into any form of body armour.
You are cold-blooded and may be slowed by cold attacks.


Message History

Natasha completely misses you.
You closely miss Natasha.
Natasha is heavily wounded.
The shadow imp misses you. The crimson imp closely misses you.
The shadow imp gestures at you. Pain shoots through your body!
Natasha misses you. The shadow imp hits you.
* * * LOW HITPOINT WARNING * * *
The crimson imp blinks!
The shadow imp gestures at you. Pain shoots through your body!
* * * LOW HITPOINT WARNING * * *
You hit Natasha.
You feel better.
Natasha is severely wounded.
Natasha casts a spell at you.
You feel as though you will be slow longer.
The shadow imp hits you.
* * * LOW HITPOINT WARNING * * *
The shadow imp gestures at you. Pain shoots through your body!
You die...

######## #########
..##.. ........[ #.##.#
##.###.# #######.##.#
#.# #.# #.....5@...##
#.###.#
#.###.5h#...######......
#.......5......###..
#...#.#.######.# #..
##).#.#.# #.# #..
#..#.#.# #.# #..
.....#.# #.# #>.
####..#.# #.# #.. #..#.#
#.# #[.


You could see Natasha, a crimson imp and 2 shadow imps.

Vanquished Creatures
  Natasha (twice) (D:2)
  2 adders (D:2)
  A dart slug (D:1)
  3 leopard geckos
  2 giant cockroaches (D:1)
  3 goblins (D:1)
  4 hobgoblins
  4 bats
  A frilled lizard (D:2)
  7 kobolds
  7 rats (D:1)
36 creatures vanquished.

Notes
Turn   | Place    | Note
-------+----------+-------------------------------------------
     0 | D:1      | CanOfBees the Draconian Conjurer began the quest for the Orb.
     0 | D:1      | Reached XP level 1. HP: 14/14 MP: 3/3
   527 | D:1      | Reached XP level 2. HP: 14/20 MP: 5/5
   536 | D:1      | Learned a level 2 spell: Searing Ray
  1578 | D:1      | Reached XP level 3. HP: 26/26 MP: 5/7
  2033 | D:2      | Noticed Natasha
  2041 | D:2      | Killed Natasha
  2041 | D:2      | Reached XP level 4. HP: 33/33 MP: 3/9
  2049 | D:2      | Noticed Natasha
  2058 | D:2      | Killed Natasha
  2244 | D:2      | Noticed Natasha
  2259 | D:2      | Killed from afar by a shadow imp

Vault maps used:
D:1:      enne_arrival_octagon_isle
D:2:      overflow_temple_1_default, first_ration, makhleb_heckhound_becter,
          uniq_natasha

Skill      XL: |  1  2 |
---------------+-------+-----
Spellcasting   | 3 |  3.9
Dodging        | |  1.7
Stealth        | |  1.7
Conjurations   | |  4.7

Action                   |  1- 3 |  4- 6 || total
-------------------------+-------+-------++-------
Melee: Unarmed           |    11 |       ||    11
       Hand axe          |    46 |       ||    46
       Tailslap          |     2 |     3 ||     5
       Short sword       |    23 |    29 ||    52
 Cast: Magic Dart        |    11 |     2 ||    13
       Searing Ray       |     4 |     4 ||     8
 Stab: Sleeping          |     3 |       ||     3
  Eat: Ration            |     2 |       ||     2
       Chunk             |     2 |       ||     2
Armor: Skin              |    23 |     7 ||    30
Dodge: Dodged            |    69 |    52 ||   121

Table legend:
 A = Spawn XP
 B = Non-spawn XP
 C = Spawn XP percentage of total XP
 D = Spawn monster count
 E = Non-spawn monster count
 F = Spawn count percentage of total count
 G = Total turns spent on level
                    A         B        C        D         E        F      G
               +---------+---------+-------+---------+---------+-------+---------
         Total |       0 |     155 |   0.0 |       0 |      36 |   0.0 |  2259
               +---------+---------+-------+---------+---------+-------+---------
           D:1 |       0 |      43 |   0.0 |       0 |      24 |   0.0 |  1924
           D:2 |       0 |     112 |   0.0 |       0 |      12 |   0.0 |   335
               +---------+---------+-------+---------+---------+-------+---------
